[Event "Mitropa Online Cup Women 2021"]
[Site "Hybrid"]
[Date "2021.05.04"]
[Round "9.2"]
[White "Trippold, Denise"]
[Black "Zimina, Olga"]
[Result "0-1"]
[ECO "E15"]
[WhiteElo "2145"]
[BlackElo "2341"]
[Annotator "NA"]
[PlyCount "178"]
[EventDate "2021.05.04"]
[EventType "team-tourn"]
[EventCountry "NET"]
[SourceTitle "playchess.com"]
[Source "ChessBase"]
[SourceQuality "1"]
[WhiteTeam "Austria"]
[BlackTeam "Italy"]
[WhiteTeamCountry "AUT"]
[BlackTeamCountry "ITA"]
[TimeControl "40/5400+30:1800+30"]

1. d4 Nf6 2. c4 e6 3. Nf3 b6 4. g3 Ba6 5. b3 b5 6. cxb5 Bxb5 7. Nc3 Bc6 8. Bg2 Qc8 9. O-O Be7 10. Bb2 O-O 11. Rc1 a5 12. Qc2 Bb4 13. Ne5 Bxg2 14. Kxg2 Qb7+ 15. Kg1 d6 16. Nd3 Bxc3 17. Bxc3 Nbd7 18. f3 Nd5 19. Bd2 Qb6 20. e3 Ra6 21. Kh1 Rc8 22. Nb2 Nb4 23. Qb1 Rb8 24. Nc4 Qb7 25. Kg2 c5 26. dxc5 Nxc5 27. Bxb4 Qxb4 28. Rfd1 Nd7 29. Rd4 e5 30. Nxe5 Qb5 31. Nxd7 Qxd7 32. Qd3 Rab6 33. Rdc4 h6 34. Qc3 Qb5 35. Qd3 Qd7 36. Qd5 Rb5 37. Qd4 Rh5 38. g4 Re5 39. Rd1 Rbe8 40. e4 R8e6 41. Rd2 h5 42. h3 Qb7 43. Qd3 Rh6 44. Rd4 hxg4 45. hxg4 Ree6 46. Rd5 Qe7 47. g5 Rh5 48. Kf2 Rxg5 49. Rxd6 Rh5 50. Rxe6 Qxe6 51. Qd6 Qh3 52. Ke3 Qf1 53. Qd8+ Kh7 54. Qd3 Qg1+ 55. Rf2 Rh2 56. Qf1 Qg5+ 57. f4 Qc5+ 58. Kf3 Qc3+ 59. Kg4 Rh6 60. f5 Qe3 61. Qg2 f6 62. Re2 Qc1 63. Kf3 Qd1 64. Ke3 a4 65. bxa4 Qxa4 66. Rd2 Qa3+ 67. Ke2 Qa6+ 68. Ke3 Qb6+ 69. Ke2 Qb5+ 70. Kf3 Qe5 71. Rc2 Qd6 72. Rd2 Qb4 73. Ke2 Qa5 74. Kf3 Kh8 75. Rc2 Qa3+ 76. Kg4 Qe3 77. Re2 Qg5+ 78. Kf3 Qc1 79. Rc2 Qd1+ 80. Ke3 Qe1+ 81. Kd3 Qd1+ 82. Ke3 Qd8 83. Kf3 Rh4 84. Qd2 Qb8 85. Rc3 Qe5 86. Rb3 Qxe4+ 87. Kg3 Qg4+ 88. Kf2 Rh2+ 89. Ke3 Qg5+ 0-1

[Event "Mitropa Online Cup Women 2021"]
[Site "Hybrid"]
[Date "2021.05.04"]
[Round "9.2"]
[White "Hapala, Elisabeth"]
[Black "Raccanello, Marianna"]
[Result "1-0"]
[ECO "B41"]
[WhiteElo "2120"]
[BlackElo "2140"]
[Annotator "NA"]
[PlyCount "149"]
[EventDate "2021.05.04"]
[EventType "team-tourn"]
[EventCountry "NET"]
[SourceTitle "playchess.com"]
[Source "ChessBase"]
[SourceQuality "1"]
[WhiteTeam "Austria"]
[BlackTeam "Italy"]
[WhiteTeamCountry "AUT"]
[BlackTeamCountry "ITA"]
[TimeControl "40/5400+30:1800+30"]

1. e4 c5 2. Nf3 e6 3. d4 cxd4 4. Nxd4 a6 5. c4 Nf6 6. Nc3 Qc7 7. Be2 Nc6 8. O-O Nxd4 9. Qxd4 Bc5 10. Qd3 b6 11. a3 Bb7 12. b4 Be7 13. f4 d6 14. Bb2 Nd7 15. Rac1 O-O 16. Qg3 Bf6 17. Bd3 Rac8 18. Qh3 g6 19. f5 Rce8 20. fxg6 fxg6 21. Kh1 Ne5 22. Be2 Qe7 23. Na4 Bxe4 24. Nxb6 Bf5 25. Qb3 Bg5 26. Rcd1 Ng4 27. Bxg4 Bxg4 28. Rde1 Rxf1+ 29. Rxf1 Rf8 30. Qd3 Qd8 31. Bd4 e5 32. Rxf8+ Qxf8 33. Bg1 Be6 34. Nd5 Qf7 35. a4 Bf5 36. Qg3 Bd8 37. b5 axb5 38. axb5 Be4 39. b6 Kg7 40. Qe3 Bxd5 41. cxd5 Qxd5 42. Qa3 Qc6 43. Qa7+ Kf6 44. b7 Bc7 45. b8=Q Bxb8 46. Qxb8 Kg7 47. h3 Qd7 48. Qa7 Qxa7 49. Bxa7 d5 50. g3 Kf6 51. Kg2 Kf5 52. Kf3 h5 53. Bb6 Ke6 54. Bc7 Kf5 55. Bd8 Ke6 56. Ke3 Kf5 57. Ba5 g5 58. Bd8 g4 59. h4 Ke6 60. Bc7 Kf5 61. Kd3 Ke6 62. Kc3 Kf5 63. Kd3 Ke6 64. Kc3 Kf5 65. Kb4 Ke4 66. Kc5 d4 67. Kc4 d3 68. Kc3 d2 69. Kxd2 Kd4 70. Ke2 Ke4 71. Bb6 Kd5 72. Ke3 Kc6 73. Ba5 Kd5 74. Bc3 e4 75. Bb2 1-0

[Event "Mitropa Online Cup Women 2021"]
[Site "Hybrid"]
[Date "2021.05.04"]
[Round "9.2"]
[White "Grimaldi, Angela Flavia"]
[Black "Vicze, Kata"]
[Result "1-0"]
[ECO "B30"]
[WhiteElo "2000"]
[BlackElo "1809"]
[Annotator "NA"]
[PlyCount "65"]
[EventDate "2021.05.04"]
[EventType "team-tourn"]
[EventCountry "NET"]
[SourceTitle "playchess.com"]
[Source "ChessBase"]
[SourceQuality "1"]
[WhiteTeam "Italy"]
[BlackTeam "Austria"]
[WhiteTeamCountry "ITA"]
[BlackTeamCountry "AUT"]
[TimeControl "40/5400+30:1800+30"]

1. e4 c5 2. Nf3 Nc6 3. Bb5 e6 4. O-O Nge7 5. Re1 a6 6. Bf1 d5 7. exd5 Nxd5 8. d4 cxd4 9. Nxd4 Bc5 10. Nxc6 bxc6 11. c4 Qf6 12. Qe2 Nf4 13. Bxf4 Qxf4 14. Nc3 O-O 15. g3 Qc7 16. Bg2 f5 17. Kh1 Bd7 18. Rad1 Rad8 19. a3 Ba7 20. b4 f4 21. c5 fxg3 22. hxg3 Rf6 23. Ne4 Rh6+ 24. Kg1 Rf8 25. Nd6 a5 26. Qc4 Kh8 27. Rd2 Qd8 28. Nb7 Qf6 29. Qd4 Be8 30. Qxf6 Rhxf6 31. Nxa5 e5 32. Rxe5 Bb8 33. Re7 1-0

[Event "Mitropa Online Cup Women 2021"]
[Site "Hybrid"]
[Date "2021.05.04"]
[Round "9.3"]
[White "Terbe, Julianna"]
[Black "Janzelj, Lara"]
[Result "1-0"]
[ECO "D02"]
[WhiteElo "2267"]
[BlackElo "2212"]
[Annotator "NA"]
[PlyCount "149"]
[EventDate "2021.05.04"]
[EventType "team-tourn"]
[EventCountry "NET"]
[SourceTitle "playchess.com"]
[Source "ChessBase"]
[SourceQuality "1"]
[WhiteTeam "Hungary"]
[BlackTeam "Slovenia"]
[WhiteTeamCountry "HUN"]
[BlackTeamCountry "SLO"]
[TimeControl "40/5400+30:1800+30"]

1. d4 d5 2. Nf3 Nf6 3. g3 e6 4. Bg2 Bd6 5. c4 O-O 6. O-O dxc4 7. Nfd2 e5 8. dxe5 Bxe5 9. Nxc4 Bd4 10. Qc2 Qe7 11. e3 Bc5 12. Nc3 a6 13. b3 c6 14. Na4 Re8 15. Nxc5 Qxc5 16. Ba3 Qh5 17. Nd6 Rd8 18. Rad1 Nbd7 19. h3 Nf8 20. Nxc8 Rdxc8 21. e4 Qg6 22. Kh2 Re8 23. Rfe1 Nh5 24. Re3 Rad8 25. f4 Nf6 26. Rxd8 Rxd8 27. Qe2 h5 28. f5 Qg5 29. Be7 Re8 30. Bd6 Nd5 31. Rf3 Qf6 32. Ba3 Nc3 33. Qd3 Nb5 34. Bc1 Nd4 35. Rf2 c5 36. h4 Nh7 37. Qd1 Nc6 38. Qxh5 Ne5 39. Bg5 Qc6 40. Qd1 b5 41. Bf4 Nf6 42. Re2 c4 43. bxc4 bxc4 44. Qd4 Nfg4+ 45. Kh3 Qc7 46. Rd2 Qa5 47. h5 Qa3 48. Rc2 Qb4 49. Qd1 Qb6 50. Qe2 Qg1 51. Bf3 Nxf3 52. Qxf3 Nf6 53. Rxc4 Rd8 54. Rc1 Qd4 55. Bg5 Rd6 56. Re1 Qb4 57. Re3 Nh7 58. Bf4 Rd8 59. e5 Qb1 60. Kg4 Re8 61. Qc6 Qd1+ 62. Rf3 Rd8 63. Qxa6 Nf8 64. h6 g6 65. fxg6 Qd7+ 66. e6 Nxe6 67. h7+ Kh8 68. Be5+ Ng7+ 69. Kh4 fxg6 70. Qxg6 Qe7+ 71. Bf6 Rd4+ 72. Kh3 Qd7+ 73. g4 Rd1 74. Bxg7+ Qxg7 75. Qe8+ 1-0

[Event "Mitropa Online Cup Women 2021"]
[Site "Hybrid"]
[Date "2021.05.04"]
[Round "9.3"]
[White "Gaal, Zsoka"]
[Black "Hercog, Nusa"]
[Result "1-0"]
[ECO "A11"]
[WhiteElo "2177"]
[BlackElo "2028"]
[Annotator "NA"]
[PlyCount "79"]
[EventDate "2021.05.04"]
[EventType "team-tourn"]
[EventCountry "NET"]
[SourceTitle "playchess.com"]
[Source "ChessBase"]
[SourceQuality "1"]
[WhiteTeam "Hungary"]
[BlackTeam "Slovenia"]
[WhiteTeamCountry "HUN"]
[BlackTeamCountry "SLO"]
[TimeControl "40/5400+30:1800+30"]

1. Nf3 d5 2. g3 Nf6 3. Bg2 c6 4. O-O Bf5 5. c4 e6 6. Qb3 Qb6 7. d3 Nbd7 8. Be3 Bc5 9. Bxc5 Nxc5 10. Qa3 O-O 11. Nbd2 a5 12. Rfc1 Ncd7 13. Qc3 h6 14. Rab1 c5 15. cxd5 exd5 16. Nh4 Bh7 17. e4 dxe4 18. dxe4 Rfe8 19. Re1 Ng4 20. Nc4 Qc7 21. Rbd1 Ra6 22. Bh3 h5 23. f3 Nge5 24. Rd5 Re7 25. Red1 Ra8 26. a4 b6 27. Nd6 f6 28. Nhf5 Bxf5 29. Nxf5 Rf7 30. Nd6 Re7 31. f4 Ng4 32. Rxh5 Nh6 33. Qc4+ Kf8 34. Nf5 b5 35. Qa2 Rf7 36. Nxh6 gxh6 37. Qxf7+ Kxf7 38. Rxd7+ Qxd7 39. Bxd7 Kg6 40. Rxc5 1-0

[Event "Mitropa Online Cup Women 2021"]
[Site "Hybrid"]
[Date "2021.05.04"]
[Round "9.3"]
[White "Urh, Zala"]
[Black "Juhasz, Barbara"]
[Result "0-1"]
[ECO "E73"]
[WhiteElo "2173"]
[BlackElo "2250"]
[Annotator "NA"]
[PlyCount "122"]
[EventDate "2021.05.04"]
[EventType "team-tourn"]
[EventCountry "NET"]
[SourceTitle "playchess.com"]
[Source "ChessBase"]
[SourceQuality "1"]
[WhiteTeam "Slovenia"]
[BlackTeam "Hungary"]
[WhiteTeamCountry "SLO"]
[BlackTeamCountry "HUN"]
[TimeControl "40/5400+30:1800+30"]

1. d4 Nf6 2. c4 g6 3. Nc3 Bg7 4. e4 d6 5. Be2 e5 6. d5 Na6 7. Be3 O-O 8. g4 Nc5 9. f3 h5 10. g5 Nh7 11. h4 f6 12. gxf6 Bxf6 13. Bf2 Be7 14. Kd2 Rf4 15. Qe1 a5 16. b3 Kg7 17. Kc2 Bd7 18. Nh3 Rxh4 19. Bxh4 Bxh4 20. Qg1 Qf6 21. f4 exf4 22. Rf1 Bxh3 23. Rxh3 Bg5 24. Qg2 Qe5 25. Rg1 Kh6 26. Bf3 Nf6 27. Rhh1 Re8 28. Re1 c6 29. dxc6 bxc6 30. Re2 Ne6 31. Ree1 Nd4+ 32. Kb2 a4 33. b4 a3+ 34. Kxa3 Rb8 35. Rb1 Qe6 36. Rhg1 Nh7 37. Qf1 Bf6 38. Bd1 Be5 39. Qd3 Qe7 40. Na4 Ng5 41. Rb2 f3 42. Qe3 Qf6 43. Rf1 Ra8 44. Rbf2 Bf4 45. Qd3 Bc1+ 46. Rb2 Nb5+ 47. Kb3 Rxa4 48. Kxa4 Qxb2 49. Qb3 Nc3+ 50. Ka5 Nxd1 51. Rxd1 f2 52. b5 cxb5 53. cxb5 Bd2+ 54. Ka6 Qf6 55. Rf1 d5+ 56. b6 Nxe4 57. Qxd5 Be3 58. Qb5 Nc5+ 59. Ka7 Qf7+ 60. b7 Nxb7+ 61. Ka8 Nd6 0-1

[Event "Mitropa Online Cup Women 2021"]
[Site "Hybrid"]
[Date "2021.05.04"]
[Round "9.3"]
[White "Ruzic, Pia Marie"]
[Black "Terbe, Zsuzsanna"]
[Result "0-1"]
[ECO "D78"]
[WhiteElo "1990"]
[BlackElo "2186"]
[Annotator "NA"]
[PlyCount "92"]
[EventDate "2021.05.04"]
[EventType "team-tourn"]
[EventCountry "NET"]
[SourceTitle "playchess.com"]
[Source "ChessBase"]
[SourceQuality "1"]
[WhiteTeam "Slovenia"]
[BlackTeam "Hungary"]
[WhiteTeamCountry "SLO"]
[BlackTeamCountry "HUN"]
[TimeControl "40/5400+30:1800+30"]

1. c4 c6 2. Nf3 d5 3. d4 Nf6 4. Qc2 g6 5. g3 Bg7 6. Bg2 O-O 7. O-O dxc4 8. Qxc4 Be6 9. Qc2 Bf5 10. Qb3 Qb6 11. Nc3 Qxb3 12. axb3 Nbd7 13. b4 a6 14. Na4 Ne8 15. Bf4 h6 16. h4 Nef6 17. Nc5 Nxc5 18. bxc5 Rad8 19. Be5 Rfe8 20. Ra4 Nd5 21. Bxg7 Kxg7 22. Nd2 Nc7 23. f4 Nb5 24. e3 f6 25. Nf3 Be4 26. Raa1 Bxf3 27. Rxf3 e5 28. fxe5 fxe5 29. Raf1 Rd7 30. Bh3 Rc7 31. dxe5 Rxe5 32. Rc1 Rce7 33. Kf2 Nc7 34. Rc3 Nd5 35. Rd3 Nf6 36. b4 Nd5 37. Rd4 Nxe3 38. Rd8 Nd5 39. Rff8 Rf7+ 40. Rxf7+ Kxf7 41. Bc8 Re7 42. Rd7 Rxd7 43. Bxd7 Nxb4 44. Ke3 Ke7 45. Bh3 a5 46. Kd2 Na6 0-1

[Event "Mitropa Online Cup Women 2021"]
[Site "Hybrid"]
[Date "2021.05.04"]
[Round "9.4"]
[White "Movsesian, Julia"]
[Black "Cvitan, Ena"]
[Result "1/2-1/2"]
[ECO "B11"]
[WhiteElo "2342"]
[BlackElo "2241"]
[Annotator "NA"]
[PlyCount "75"]
[EventDate "2021.05.04"]
[EventType "team-tourn"]
[EventCountry "NET"]
[SourceTitle "playchess.com"]
[Source "ChessBase"]
[SourceQuality "1"]
[WhiteTeam "Slovakia"]
[BlackTeam "Croatia"]
[WhiteTeamCountry "SVK"]
[BlackTeamCountry "CRO"]
[TimeControl "40/5400+30:1800+30"]

1. e4 c6 2. Nc3 d5 3. Nf3 dxe4 4. Nxe4 Nf6 5. Qe2 Nxe4 6. Qxe4 Be6 7. b3 Nd7 8. Bc4 Nf6 9. Qe2 Bd5 10. O-O e6 11. Ne5 Bxc4 12. bxc4 Bd6 13. Rb1 Qc7 14. Re1 Bxe5 15. Qxe5 Qxe5 16. Rxe5 O-O-O 17. d3 b6 18. Re1 Rhe8 19. a4 Re7 20. a5 Rb7 21. axb6 axb6 22. Ra1 Rdd7 23. Be3 c5 24. Ra8+ Rb8 25. Ra6 e5 26. f3 Re7 27. Bg5 Re6 28. Bxf6 gxf6 29. Ra7 Rb7 30. Ra8+ Rb8 31. Ra7 Rb7 32. Ra8+ Rb8 33. Rea1 f5 34. R1a7 Rxa8 35. Rxa8+ Kd7 36. Ra7+ Ke8 37. Kf2 f4 38. Rb7 1/2-1/2

[Event "Mitropa Online Cup Women 2021"]
[Site "Hybrid"]
[Date "2021.05.04"]
[Round "9.4"]
[White "Medic, Mirjana"]
[Black "Sankova, Stella"]
[Result "0-1"]
[ECO "D05"]
[WhiteElo "2147"]
[BlackElo "2087"]
[Annotator "NA"]
[PlyCount "104"]
[EventDate "2021.05.04"]
[EventType "team-tourn"]
[EventCountry "NET"]
[SourceTitle "playchess.com"]
[Source "ChessBase"]
[SourceQuality "1"]
[WhiteTeam "Croatia"]
[BlackTeam "Slovakia"]
[WhiteTeamCountry "CRO"]
[BlackTeamCountry "SVK"]
[TimeControl "40/5400+30:1800+30"]

1. d4 d5 2. Nf3 e6 3. e3 Nf6 4. Bd3 c5 5. b3 Nc6 6. O-O cxd4 7. exd4 Bd6 8. c4 O-O 9. Bb2 b6 10. Nbd2 Bb7 11. Rc1 Rc8 12. Ne5 Nd7 13. Ndf3 Ndxe5 14. dxe5 Bc5 15. Qe2 Nb4 16. Bb1 dxc4 17. bxc4 Be7 18. Rfd1 Qc7 19. Nd4 Rfd8 20. a3 Na6 21. Nb5 Qc6 22. f3 Rxd1+ 23. Rxd1 Qxc4 24. Bd3 Qa4 25. Nd6 Bxd6 26. exd6 Nc5 27. Bc2 Qd7 28. Qe5 f6 29. Qh5 g6 30. Qg4 e5 31. Bb3+ Kg7 32. Qxd7+ Nxd7 33. Be6 Rd8 34. Kf2 Nc5 35. Bc4 Bc8 36. Ke3 Nb7 37. Ba6 Nxd6 38. Rxd6 Rxd6 39. Bxc8 Rc6 40. Bd7 Rc2 41. Ba1 Rxg2 42. Bc3 Rxh2 43. a4 g5 44. Bb5 h5 45. Bd7 h4 46. Be1 h3 47. f4 Rh1 48. Bf2 h2 49. Bc6 gxf4+ 50. Ke2 Rc1 51. Bb7 h1=Q 52. Bxh1 Rxh1 0-1

[Event "Mitropa Online Cup Women 2021"]
[Site "Hybrid"]
[Date "2021.05.04"]
[Round "9.4"]
[White "Ferkova, Dominika"]
[Black "Spiranec, Noemi"]
[Result "0-1"]
[ECO "E54"]
[WhiteElo "2006"]
[BlackElo "2098"]
[Annotator "NA"]
[PlyCount "122"]
[EventDate "2021.05.04"]
[EventType "team-tourn"]
[EventCountry "NET"]
[SourceTitle "playchess.com"]
[Source "ChessBase"]
[SourceQuality "1"]
[WhiteTeam "Slovakia"]
[BlackTeam "Croatia"]
[WhiteTeamCountry "SVK"]
[BlackTeamCountry "CRO"]
[TimeControl "40/5400+30:1800+30"]

1. d4 Nf6 2. c4 e6 3. Nc3 Bb4 4. e3 O-O 5. Bd3 c5 6. Nf3 d5 7. O-O dxc4 8. Bxc4 cxd4 9. exd4 b6 10. a3 Bxc3 11. bxc3 Qc7 12. Nd2 Bb7 13. Bb2 Nbd7 14. Be2 e5 15. Bf3 exd4 16. cxd4 Rac8 17. Rc1 Qb8 18. Qb3 Rfd8 19. h3 Nf8 20. Rxc8 Qxc8 21. Rc1 Qd7 22. Nc4 Bd5 23. Qd1 Qf5 24. Ne3 Qd7 25. Nxd5 Nxd5 26. Qb3 Ne6 27. a4 Ndf4 28. Rd1 Ng5 29. Bg4 Qd5 30. Qg3 Nge6 31. Bc1 Ng6 32. Bf3 Qc4 33. d5 Qxa4 34. Kh2 Nc5 35. h4 Qxh4+ 36. Qxh4 Nxh4 37. Bg4 Ng6 38. Bb2 Nf4 39. Bf3 Nfd3 40. Bd4 f5 41. Be2 Nf4 42. Bc4 Ne4 43. d6+ Kf8 44. f3 Nxd6 45. Be5 Nxc4 46. Rxd8+ Ke7 47. Rd4 Nxe5 48. Rxf4 Ke6 49. Rb4 Kd6 50. Kg3 Kc5 51. Rb1 a5 52. Kf4 Nc4 53. Rh1 a4 54. Rxh7 g6 55. Kg5 b5 56. Kxg6 b4 57. Kf6 b3 58. g4 fxg4 59. fxg4 b2 60. Rh1 a3 61. g5 a2 0-1

[Event "Mitropa Online Cup Women 2021"]
[Site "Hybrid"]
[Date "2021.05.04"]
[Round "9.4"]
[White "Radikovic, Anamarija"]
[Black "Taragelova, Martina"]
[Result "1-0"]
[ECO "C30"]
[WhiteElo "2006"]
[BlackElo "2010"]
[Annotator "NA"]
[PlyCount "75"]
[EventDate "2021.05.04"]
[EventType "team-tourn"]
[EventCountry "NET"]
[SourceTitle "playchess.com"]
[Source "ChessBase"]
[SourceQuality "1"]
[WhiteTeam "Croatia"]
[BlackTeam "Slovakia"]
[WhiteTeamCountry "CRO"]
[BlackTeamCountry "SVK"]
[TimeControl "40/5400+30:1800+30"]

1. e4 e5 2. Nc3 Nc6 3. Bc4 Nf6 4. d3 Bc5 5. f4 d6 6. Nf3 Bg4 7. Na4 Nd7 8. Nxc5 Bxf3 9. Qxf3 Nxc5 10. O-O Qe7 11. Qg4 O-O 12. f5 Kh8 13. Rf3 Nd7 14. Bg5 f6 15. Rh3 Rf7 16. Qh5 g6 17. fxg6 Rg7 18. Bf7 Nf8 19. Bh4 Nxg6 20. Bxg6 Rxg6 21. Qxg6 hxg6 22. Bxf6+ Kg8 23. Bxe7 Nxe7 24. Rf1 Nc6 25. c3 Re8 26. Rf6 Kg7 27. Rhf3 Re7 28. Rf8 a6 29. h4 Rd7 30. Re8 Ne7 31. Rff8 c6 32. g4 d5 33. Rd8 Rc7 34. g5 a5 35. Rf6 dxe4 36. dxe4 c5 37. Rfd6 Kf7 38. R8d7 1-0

[Event "Mitropa Online Cup Women 2021"]
[Site "Hybrid"]
[Date "2021.05.04"]
[Round "9.5"]
[White "Worek, Joanna"]
[Black "Hund, Sarah"]
[Result "1-0"]
[ECO "C77"]
[WhiteElo "2322"]
[BlackElo "2049"]
[Annotator "NA"]
[PlyCount "119"]
[EventDate "2021.05.04"]
[EventType "team-tourn"]
[EventCountry "NET"]
[SourceTitle "playchess.com"]
[Source "ChessBase"]
[SourceQuality "1"]
[WhiteTeam "Czech Republic"]
[BlackTeam "Switzerland"]
[WhiteTeamCountry "CZE"]
[BlackTeamCountry "SUI"]
[TimeControl "40/5400+30:1800+30"]

1. e4 e5 2. Nf3 Nc6 3. Bb5 a6 4. Ba4 Nf6 5. d3 d6 6. c3 g6 7. O-O Bg7 8. Re1 O-O 9. Nbd2 b5 10. Bc2 Nb8 11. d4 Nbd7 12. Nf1 Bb7 13. b3 Re8 14. Ng3 d5 15. dxe5 Nxe4 16. Nxe4 dxe4 17. Bg5 Qc8 18. Bxe4 Bxe4 19. Rxe4 Nxe5 20. Nxe5 Rxe5 21. Rxe5 Bxe5 22. Qf3 Rb8 23. Re1 Qe6 24. g3 Qd6 25. h4 Qc5 26. Re3 Kg7 27. Rd3 Rf8 28. h5 h6 29. Be3 Qe7 30. Qd5 Qd6 31. Bc5 Qxd5 32. Bxf8+ Kxf8 33. Rxd5 Bxc3 34. hxg6 fxg6 35. Rc5 Ba5 36. Rc6 Kf7 37. Rxa6 Bb4 38. Rc6 Bd6 39. a4 bxa4 40. bxa4 Ke7 41. f4 Kd7 42. Rc4 g5 43. fxg5 hxg5 44. Kf2 Ke6 45. Kf3 Kd5 46. Rc1 Ke6 47. a5 Kd7 48. a6 Kc8 49. Rb1 Bc5 50. Kg4 Be3 51. Rb3 Bb6 52. Kxg5 Kb8 53. Kf5 Ka7 54. Ra3 c5 55. g4 c4 56. Ke4 Bc5 57. Ra4 Bb6 58. g5 Bd8 59. g6 Bf6 60. Rxc4 1-0

[Event "Mitropa Online Cup Women 2021"]
[Site "Hybrid"]
[Date "2021.05.04"]
[Round "9.5"]
[White "Olsarova, Karolina"]
[Black "Hakimifard, Ghazal"]
[Result "0-1"]
[ECO "B84"]
[WhiteElo "2290"]
[BlackElo "2265"]
[Annotator "NA"]
[PlyCount "72"]
[EventDate "2021.05.04"]
[EventType "team-tourn"]
[EventCountry "NET"]
[SourceTitle "playchess.com"]
[Source "ChessBase"]
[SourceQuality "1"]
[WhiteTeam "Czech Republic"]
[BlackTeam "Switzerland"]
[WhiteTeamCountry "CZE"]
[BlackTeamCountry "SUI"]
[TimeControl "40/5400+30:1800+30"]

1. e4 c5 2. Nf3 e6 3. d4 cxd4 4. Nxd4 a6 5. Nc3 Qc7 6. Be2 Nf6 7. O-O Be7 8. f4 d6 9. Be3 Nbd7 10. Bf3 O-O 11. Qe1 Re8 12. Kh1 Bf8 13. Qh4 Nc5 14. Rae1 e5 15. Nf5 Bxf5 16. exf5 e4 17. Be2 b5 18. g4 Qc6 19. Rd1 Na4 20. Nxa4 bxa4 21. c4 Rab8 22. g5 Rxb2 23. gxf6 Rxe2 24. Rg1 d5 25. cxd5 Qc3 26. Rxg7+ Bxg7 27. Rg1 Kh8 28. Qg4 Qxf6 29. Qxe2 Qxf5 30. Rd1 Rd8 31. d6 Qe6 32. Qxa6 Qxa2 33. Qb6 Rg8 34. d7 Qe2 35. Rg1 Qf3+ 36. Rg2 Be5 0-1

[Event "Mitropa Online Cup Women 2021"]
[Site "Hybrid"]
[Date "2021.05.04"]
[Round "9.5"]
[White "Mueller-Seps, Monika"]
[Black "Petrova, Kristyna"]
[Result "1/2-1/2"]
[ECO "A46"]
[WhiteElo "2243"]
[BlackElo "2303"]
[Annotator "NA"]
[PlyCount "60"]
[EventDate "2021.05.04"]
[EventType "team-tourn"]
[EventCountry "NET"]
[SourceTitle "playchess.com"]
[Source "ChessBase"]
[SourceQuality "1"]
[WhiteTeam "Switzerland"]
[BlackTeam "Czech Republic"]
[WhiteTeamCountry "SUI"]
[BlackTeamCountry "CZE"]
[TimeControl "40/5400+30:1800+30"]

1. d4 Nf6 2. Bg5 e6 3. Nf3 h6 4. Bh4 d6 5. e3 g5 6. Bg3 Nh5 7. Be2 Bg7 8. c3 Qe7 9. Nfd2 Nxg3 10. hxg3 Nd7 11. Na3 a6 12. Nc2 Nf6 13. e4 Bd7 14. Ne3 Bc6 15. Qc2 h5 16. O-O-O O-O-O 17. Kb1 Kb8 18. Nec4 Nxe4 19. Nxe4 Bxe4 20. Qxe4 d5 21. Qc2 dxc4 22. Bxc4 h4 23. gxh4 Rxh4 24. Rxh4 gxh4 25. Be2 e5 26. dxe5 Rxd1+ 27. Qxd1 Qxe5 28. Bf3 Ka7 29. a3 Bf8 30. Qe2 Bd6 1/2-1/2

[Event "Mitropa Online Cup Women 2021"]
[Site "Hybrid"]
[Date "2021.05.04"]
[Round "9.5"]
[White "Tamrazyan, Gohar"]
[Black "Kanakova, Natalie"]
[Result "0-1"]
[ECO "B43"]
[WhiteElo "1842"]
[BlackElo "2179"]
[Annotator "NA"]
[PlyCount "58"]
[EventDate "2021.05.04"]
[EventType "team-tourn"]
[EventCountry "NET"]
[SourceTitle "playchess.com"]
[Source "ChessBase"]
[SourceQuality "1"]
[WhiteTeam "Switzerland"]
[BlackTeam "Czech Republic"]
[WhiteTeamCountry "SUI"]
[BlackTeamCountry "CZE"]
[TimeControl "40/5400+30:1800+30"]

1. e4 c5 2. Nc3 e6 3. Nf3 a6 4. d4 cxd4 5. Nxd4 Qc7 6. Bd3 Nf6 7. O-O Bc5 8. Nb3 Be7 9. f4 d6 10. Qf3 Nbd7 11. g4 Nc5 12. Nxc5 dxc5 13. f5 h6 14. Be3 Bd6 15. h4 h5 16. g5 Ng4 17. Bf4 c4 18. Be2 exf5 19. exf5 Bxf5 20. Nd5 Qc5+ 21. Be3 Nxe3 22. Qxe3+ Be6 23. Rad1 O-O-O 24. Nb6+ Kb8 25. Qf2 Qxf2+ 26. Rxf2 Bc5 27. Rxd8+ Rxd8 28. Nxc4 Bxc4 29. Bxc4 Rd2 0-1